 Dungeon Crawl Stone Soup version 0.31.0-11-ge490571c62 (webtiles) character file.

Game seed: 12630873903386521847

130 qw the Skirmisher (level 4, -2/25 HPs)
             Began as a Deep Elf Hunter on Feb 4, 2024.
             Succumbed to a water moccasin's poison
             ... on level 3 of the Dungeon.
             The game lasted 00:00:07 (2055 turns).

qw the Skirmisher (Deep Elf Hunter)                 Turns: 2055, Time: 00:00:07

Health: -2/25      AC:  8    Str: 10    XL:     4   Next: 89%
Magic:  6/6        EV: 11    Int: 14    God:
Gold:   184        SH:  0    Dex: 18    Spells: 3/3 levels left

rFire   . . .        a - +0 shortbow
rCold   . . .        (shield currently unavailable)
rNeg    . . .        l - +0 ring mail
rPois   .            (no helmet)
rElec   .            (no cloak)
rCorr   .            e - +2 pair of gloves
SInv    .            (no boots)
Will    .....        (no amulet)
Stlth   +            (no ring)
HPRegen 0.24/turn    (no ring)
MPRegen 0.10/turn

%: no passive effects
@: lethally poisoned (-2 -> -21)
A: no striking features
a: no special abilities


You were on level 3 of the Dungeon.
You visited 1 branch of the dungeon, and saw 3 of its levels.

You collected 184 gold pieces.


   Skills:
 - Level 1.5 Fighting
 + Level 8.3 Ranged Weapons
 - Level 2.4 Dodging
 - Level 1.2 Stealth


You had 3 spell levels left.
You didn't know any spells.
Your spell library was empty.

Inventory:

Hand Weapons
 a - a +0 shortbow (weapon)
Armour
 e - a +2 pair of gloves (worn)
 l - a +0 ring mail (worn)
Jewellery
 b - a ring of ice
Scrolls
 c - 2 scrolls of revelation {unknown}
Potions
 f - a potion of resistance
 g - a potion of heal wounds {unknown}
 h - 2 potions of curing
 i - a potion of cancellation {unknown}
 k - a potion of lignification {unknown}

Dungeon Overview and Level Annotations

Branches:
Dungeon (3/15)

Altars:
The Shining One


Message History

The arrow hits the water moccasin.
The water moccasin is moderately wounded.
The kobold throws a stone.
The stone closely misses you.
You shoot an arrow.
The arrow closely misses the water moccasin.
You shoot an arrow.
The arrow completely misses the water moccasin.
The water moccasin barely misses you.
The kobold throws a stone.
The stone hits you but does no damage.
The water moccasin bites you but does no damage.
You shoot an arrow.
The arrow hits the water moccasin but does no damage.
The water moccasin is moderately wounded.
The water moccasin bites you!
The giant cockroach bites you but does no damage.
You shoot an arrow. The arrow hits the water moccasin.
The water moccasin is heavily wounded.
The water moccasin bites you but does no damage.
The giant cockroach barely misses you. The water moccasin bites you.
You are poisoned.
The water moccasin poisons you!
You shoot an arrow. The arrow hits the water moccasin!
The water moccasin is severely wounded.
You feel very sick. The water moccasin bites you.
The giant cockroach closely misses you. The water moccasin barely misses you.
The giant cockroach bites you but does no damage.
You shoot an arrow. The arrow misses the water moccasin.
You feel sick.
The water moccasin bites you but does no damage.
The giant cockroach bites you.
You shoot an arrow. The arrow misses the water moccasin.
You feel sick. The water moccasin bites you.
You are more poisoned.
The water moccasin poisons you! The giant cockroach closely misses you.
The water moccasin bites you but does no damage.
The kobold hits you with a +0 short sword.
You shoot an arrow. The arrow hits the water moccasin.
The water moccasin is almost dead.
You die...

##### ###### ##....
..... ##...77 #..#
##..7..7
##.#..#########...77..
#...K@................
#...BS##########.)77..
#.......# #..7..7
........# ##...77
.....#.## ##....
.....#. ##### #... #.
#.[. .. #.. #..


You could see a water moccasin, a giant cockroach and a kobold.

Vanquished Creatures
  A bombardier beetle (D:3)
  4 adders (D:2)
  2 dart slugs
  A ribbon worm (D:2)
  10 ball pythons
  4 endoplasms
  A giant cockroach (D:1)
  6 goblins
  4 hobgoblins
  2 jackals (D:3)
  2 quokkas
  4 bats
  5 frilled lizards
  2 kobolds
  6 rats
54 creatures vanquished.

Notes
Turn   | Place    | Note
-------+----------+-------------------------------------------
     0 | D:1      | qw the Deep Elf Hunter began the quest for the Orb.
     0 | D:1      | Reached XP level 1. HP: 12/12 MP: 3/3
     0 | D:1      | 0 ||| qw: Version: 0.3-a-160-g6735b56
     0 | D:1      | 0 ||| qw: Game counter: 4649
     0 | D:1      | 0 ||| qw: Melee chars always use a shield: true
     0 | D:1      | 0 ||| qw: God list: Okawaru
     0 | D:1      | 0 ||| qw: Allow faded altars: false
     0 | D:1      | 0 ||| qw: Do Orc after clearing Dungeon:15 true
     0 | D:1      | 0 ||| qw: Do second Lair branch before Depths: true
     0 | D:1      | 0 ||| qw: Lair rune preference: random
     0 | D:1      | 0 ||| qw: Goals: Normal
     0 | D:1      | 0 ||| PLANNING D:1-11
   233 | D:1      | Reached XP level 2. HP: 16/16 MP: 4/4
   247 | D:1      | Reached skill level 6 in Ranged Weapons
   886 | D:1      | 886 ||| READING 2 scrolls labelled BOSOVA GYSMI.
   887 | D:1      | 887 ||| READING scroll labelled SESCHO PIXA.
   888 | D:1      | 888 ||| READING scroll labelled FOEMIE VU DACOAJ.
   893 | D:1      | 893 ||| READING scroll labelled BYNENO JAMMUXO.
   894 | D:1      | 894 ||| DROPPING scroll of butterflies.
   895 | D:1      | 895 ||| DROPPING scroll of fog.
   929 | D:2      | Reached XP level 3. HP: 9/20 MP: 5/5
   998 | D:2      | HP: 5/20 [poisoned by an adder]
   999 | D:2      | Reached skill level 7 in Ranged Weapons
  1002 | D:2      | HP: 2/20 [poisoned by an adder]
  1155 | D:2      | Found a faded altar of an unknown god.
  1282 | D:2      | Reached XP level 4. HP: 23/25 MP: 6/6
  1569 | D:2      | 1569 ||| UPGRADING to +0 scale mail.
  1579 | D:2      | 1579 ||| DROPPING +0 leather armour.
  1580 | D:2      | 1580 ||| UPGRADING to +0 pair of gloves.
  1585 | D:2      | 1585 ||| UPGRADING to +0 ring mail.
  1595 | D:2      | 1595 ||| DROPPING +0 scale mail.
  1596 | D:2      | 1596 ||| READING scroll labelled BIG UMUORINGESH.
  1597 | D:2      | 1597 ||| READING scroll labelled HOTYSO OKAMEFE.
  1597 | D:2      | 1597 ||| ENCHANTING +0 pair of gloves.
  1598 | D:2      | 1598 ||| READING scroll labelled FYMOCV XIMEJA.
  1598 | D:2      | 1598 ||| IDENTIFYING viscous green potion
  1599 | D:2      | 1599 ||| DRINKING 2 black potions.
  1936 | D:3      | Reached skill level 8 in Ranged Weapons
  1939 | D:3      | Found a glowing golden altar of the Shining One.
  1946 | D:3      | 1946 ||| READING scroll of enchant armour.
  1946 | D:3      | 1946 ||| ENCHANTING +1 pair of gloves.
  2044 | D:3      | Noticed a water moccasin
  2054 | D:3      | HP: 4/25 [water moccasin (4)]
  2055 | D:3      | Succumbed to a water moccasin's poison

Levels and vault maps discovered:
D:1:      ncdulo_wetmaze, layout_loops_corners
D:2:      layout_rooms, shapermc_ecumenical_altar_venn
D:3:      layout_basic, mainiacjoe_overflow_small_starburst

Skill      XL: |  1  2  3  4 |
---------------+-------------+-----
Ranged Weapons | 6 7 8 |  8.3
Fighting       | |  1.5
Dodging        | |  2.4
Stealth        | |  1.2

Action                     |  1- 3 |  4- 6 || total
---------------------------+-------+-------++-------
   Fire: Shortbow          |    82 |    64 ||   146
    Use: Scroll            |     4 |     4 ||     8
         Potion            |       |     1 ||     1
 Armour: Leather armour    |    14 |     3 ||    17
         Ring mail         |       |    17 ||    17
  Dodge: Dodged            |    13 |    18 ||    31

Table legend:
 A = Non-vault XP
 B = Vault XP
 C = Vault XP percentage of total XP
 D = Non-vault monster count
 E = Vault monster count
 F = Vault count percentage of total count
                 A         B        C        D         E       F
            +---------+---------+-------+---------+---------+-------
      Total |     186 |       0 |   0.0 |      54 |       0 |   0.0
            +---------+---------+-------+---------+---------+-------
        D:1 |      32 |       0 |   0.0 |      20 |       0 |   0.0
        D:2 |      89 |       0 |   0.0 |      22 |       0 |   0.0
        D:3 |      65 |       0 |   0.0 |      12 |       0 |   0.0
            +---------+---------+-------+---------+---------+-------
